 Dungeon Crawl Stone Soup version 0.32-a0-306-gfed3edf829 (webtiles) character file.

Game seed: 2161405684838982336

2643 NonviableStreak the Basher (level 9, -20/75 HPs)
             Began as a Mountain Dwarf Reaver on Feb 14, 2024.
             Was a Follower of Qazlal.
             Demolished by a gargoyle
             ... wielding a +0 dire flail
              (25 damage)
             ... on level 7 of the Dungeon on Feb 15, 2024.
             The game lasted 00:21:27 (7860 turns).

NonviableStreak the Basher (Mountain Dwarf Reaver)  Turns: 7860, Time: 00:21:28

Health: -20/75     AC:  7    Str: 14    XL:     9   Next: 35%
Magic:  8/13       EV: 11    Int: 19    God:    Qazlal [*.....]
Gold:   371        SH:  2    Dex:  8    Spells: 2/14 levels left

rFire   + . .        a - +2 flail (spect)
rCold   . . .        (no shield)
rNeg    . . .        i - +0 leather armour
rPois   +            d - +0 helmet
rElec   .            k - +0 cloak
rCorr   .            C - +1 pair of gloves
SInv    .            (no boots)
Will    .....        (no amulet)
Stlth   +            P - ring of poison resistance
HPRegen 0.32/turn    Z - ring of wizardry
MPRegen 0.13/turn

%: wizardry (x1)
@: freezing walls, invisible
A: runic magic, artefact enchanting, fire resistance 1, sense surroundings 1
a: Renounce Religion


You were on level 7 of the Dungeon.
You worshipped Qazlal.
Qazlal was aware of your devotion.
You visited 2 branches of the dungeon, and saw 8 of its levels.

You collected 371 gold pieces.


Innate Abilities, Weirdness & Mutations

Your spellcasting is much less encumbered by armour.
You can use scrolls of enchantment on lesser artefacts.
Your flesh is heat resistant. (rF+)
You passively map a small area around you.


   Skills:
 - Level 6.0 Fighting
 + Level 11.3 Maces & Flails
 - Level 2.0 Armour
 - Level 1.4 Dodging
 - Level 3.0 Spellcasting
 - Level 3.0 Conjurations
 - Level 1.0 Summonings
 - Level 2.0 Translocations
 - Level 5.0 Ice Magic


You had 2 spell levels left.
You knew the following spells:

 Your Spells              Type           Power      Damage    Failure   Level
g - Sting                 Conj/Alch      32%        1d5       3%          1
h - Momentum Strike       Conj/Tloc      24%        3d8       3%          2
j - Summon Small Mammal   Summ           24%        N/A       4%          1
m - Lesser Beckoning      Tloc           20%        N/A       4%          2
y - Frozen Ramparts       Ice            42%        1d7       2%          3
B - Blink                 Tloc           20%        N/A       4%          2
Y - Kiss of Death         Conj/Necr      32%        2d7       3%          1

Your spell library contained the following spells:

 Spells                   Type           Power      Damage    Failure   Level
 Freeze                   Ice            84%        1d9       1%          1
 Apportation              Tloc           20%        N/A       2%          1
 Necrotise                Necr           8%         1d4       6%          1
 Hailstorm                Conj/Ice       18%        3d7       3%          3
 Leda's Liquefaction      Alch/Erth      1%         N/A       50%         4
 Petrify                  Alch/Erth      2%         N/A       50%         4
 Metabolic Englaciation   Hex/Ice        6%         N/A       50%         5

Inventory:

Hand Weapons
 a - a +2 spectral flail (weapon)
 f - a +2 whip of electrocution
 r - a +0 longbow
 E - a +3 spear of venom
Missiles
 g - 61 stones
 l - 23 poisoned darts
 v - 2 datura-tipped darts
Armour
 d - a +0 helmet (worn)
 i - a +0 leather armour (worn)
 k - a +0 cloak (worn)
 C - a +1 pair of gloves (worn)
Magical Staves
 y - a staff of cold {!a}
Jewellery
 M - a ring of magical power
 P - a ring of poison resistance (left hand)
 S - a +6 ring of strength
 Z - a ring of wizardry (right hand)
Wands
 c - a wand of mindburst (9)
 t - a wand of flame (16)
 w - a wand of roots (8)
Scrolls
 b - a scroll of blinking
 j - a scroll of teleportation {@r2}
 q - a scroll of amnesia {unknown}
 s - a scroll of fog
 u - a scroll of fear {unknown}
Potions
 e - a potion of haste {@q3}
 h - 3 potions of lignification
 m - a potion of attraction {unknown}
 n - a potion of curing {@q1}
 o - a potion of mutation
 p - a potion of enlightenment
 x - a potion of might
 z - 2 potions of cancellation {unknown}
 A - a potion of brilliance {unknown}
 D - a potion of degeneration {unknown}

Dungeon Overview and Level Annotations

Branches:
Dungeon (7/15)             Temple (1/1) D:4

Altars:
Ashenzari
Cheibriados
Dithmenos
Elyvilon
Fedhas
Gozag
Hepliaklqana
Kikubaaqudgha
Nemelex Xobeh
Okawaru
Qazlal
Ru
Sif Muna
Trog
Uskayaw
Vehumet
Wu Jian
Yredelemnul
Zin
The Shining One
Lugonu

Shops:
D:3 =

Annotations:
D:2 1 runed translucent door, Crazy Yiuf
D:4 exclusion: oklob plant
D:6 1 runed translucent door, bakla's ghost, novice HuEE

* #.o.#
###.# #9# *
#.### #.9.#
* ########.#
#..... #.# ,
......##o###
*
.......[k9@#
,
...####.####
, #...# * *
###.# #.# ,
.######.#
........#
........# *
* *........#
* ,


You could see a wyvern (unable to see you), a gargoyle (unable to see you) and
an orc wizard (unable to see you).


Message History

The gargoyle hits you with a +0 dire flail!
* * * LOW HITPOINT WARNING * * *
Unknown command.
You hit the gargoyle but do no damage.
The gargoyle is lightly damaged.
The frozen ramparts melt away.
Unknown command.
Casting: Frozen Ramparts (mildly dangerous; 2% risk of failure)
Confirm with . or Enter, or press ? or * to list all spells.
Casting: Frozen Ramparts (mildly dangerous; 2% risk of failure)
Press: ? - help, Dir - look around, f - activate A stone staircase leading up, spattered with blood.
The walls around you are covered in ice.
The wall freezes the wyvern.
The wall freezes the gargoyle but does no damage.
The gargoyle hurls a stone arrow at you.
The stone arrow hits you!!
* * * LOW HITPOINT WARNING * * *
The wall freezes the orc wizard.
The wall freezes the wyvern but does no damage.
Okay, then.
You fade into invisibility!
The wall freezes the gargoyle.
The gargoyle barely misses you.
The wall freezes the orc wizard!
The wall freezes the wyvern.
Okay, then.
Okay, then.
The wall freezes the wyvern but does no damage.
The wall freezes the gargoyle but does no damage.
The gargoyle hits you with a +0 dire flail!!
You die...

Skill      XL: |  1  2  3  4  5  6  7  8  9 |
---------------+----------------------------+-----
Maces & Flails | 4 5 6 7 8 10 11 | 11.3
Spellcasting   | 2 3 |  3.0
Conjurations   | 3 |  3.0
Translocations | 1 2 |  2.0
Fighting       | 3 4 6 |  6.0
Ice Magic      | 1 2 5 |  5.0
Summonings     | 1 |  1.0
Armour         | 2 |  2.0
Dodging        | |  1.4

Action                     |  1- 3 |  4- 6 |  7- 9 || total
---------------------------+-------+-------+-------++-------
  Melee: Mace              |    76 |    24 |       ||   100
         Flail             |       |    48 |   157 ||   205
   Cast: Sting             |    14 |    49 |    10 ||    73
         Summon Small Mamm |     4 |    17 |     4 ||    25
         Momentum Strike   |       |     3 |     8 ||    11
         Frozen Ramparts   |       |     5 |    19 ||    24
         Kiss of Death     |       |     1 |       ||     1
  Evoke: Wand              |       |     6 |       ||     6
    Use: Potion            |       |     4 |     2 ||     6
         Scroll            |       |       |    11 ||    11
   Stab: Invisible         |       |     2 |       ||     2
         Distracted        |       |       |     1 ||     1
 Armour: Leather armour    |    37 |    89 |   107 ||   233
  Dodge: Dodged            |    50 |    67 |   103 ||   220
  Block: Other             |       |       |     6 ||     6

Levels and vault maps discovered:
D:1:      saegor_arrival_simple_b, layout_loops_cross
D:2:      layout_loops_ring, uniq_crazy_yiuf_cottage, uniq_terence, uniq_robin
D:3:      layout_loops_ring, nicolae_overflows_in_rows, serial_shops, shop
D:4:      layout_gridville, lemuel_round_altar, tgw_fedhas,
          mainiacjoe_overflow_surrounded_room, minmay_temple_entry_proselytizer,
          uniq_edmund, uniq_natasha, uniq_blork_the_orc
D:5:      layout_basic, uniq_pikel
D:6:      layout_cave_pools, marbit_many_paths, hellmonk_ghost_happy_afterlife
D:7:      layout_basic, enter_bailey_2, serial_bayou_ford_a, minmay_manual_mail
Temple:   corrupted_temple

Notes
Turn   | Place    | Note
-------+----------+-------------------------------------------
     0 | D:1      | NonviableStreak the Mountain Dwarf Reaver began the quest
                  | for the Orb.
     0 | D:1      | Reached XP level 1. HP: 17/17 MP: 3/3
    43 | D:1      | Reached skill level 4 in Maces & Flails
    68 | D:1      | Reached XP level 2. HP: 20/24 MP: 4/4
   282 | D:1      | Reached skill level 5 in Maces & Flails
   324 | D:1      | Reached XP level 3. HP: 25/29 MP: 5/5
   481 | D:1      | Learned a level 1 spell: Summon Small Mammal
   574 | D:1      | Learned a level 1 spell: Sting
   577 | D:1      | Learned a level 2 spell: Momentum Strike
   783 | D:2      | Noticed Robin
   884 | D:2      | Reached skill level 2 in Spellcasting
  1054 | D:2      | Reached skill level 3 in Conjurations
  1054 | D:2      | Reached skill level 1 in Translocations
  1054 | D:2      | Reached XP level 4. HP: 24/36 MP: 0/7
  1222 | D:2      | Noticed Terence
  1228 | D:2      | Killed Terence
  1275 | D:2      | Gained mutation: You passively map a small area around you.
                  | [potion of mutation]
  1275 | D:2      | Gained mutation: Your flesh is heat resistant. (rF+)
                  | [potion of mutation]
  1282 | D:2      | Reached skill level 3 in Fighting
  1284 | D:2      | Reached skill level 6 in Maces & Flails
  1284 | D:2      | Reached XP level 5. HP: 20/45 MP: 1/8
  1609 | D:2      | Killed Robin
  1937 | D:2      | Found a runed translucent door.
  1938 | D:2      | Noticed Crazy Yiuf
  2360 | D:3      | You fall into a shaft and drop 2 floors!
  2360 | D:5      | Entered Level 5 of the Dungeon
  2447 | D:5      | Learned a level 3 spell: Frozen Ramparts
  2695 | D:4      | Found a hazy altar of Hepliaklqana.
  2775 | D:4      | Found a sparkling altar of Nemelex Xobeh.
  2823 | D:3      | Found a shimmering blue altar of Sif Muna.
  2824 | D:3      | Found a white marble altar of Elyvilon.
  2824 | D:3      | Found a hide-covered altar of Uskayaw.
  2825 | D:3      | Found a radiant altar of Vehumet.
  2826 | D:3      | Found an opulent altar of Gozag.
  2826 | D:3      | Found a basalt altar of Yredelemnul.
  2827 | D:3      | Found an ornate altar of the Wu Jian Council.
  2828 | D:3      | Found an ancient bone altar of Kikubaaqudgha.
  2828 | D:3      | Found a snail-covered altar of Cheibriados.
  2838 | D:3      | Found an iron altar of Okawaru.
  2853 | D:3      | Became a worshipper of Elyvilon the Healer
  3168 | D:3      | Reached * piety under Elyvilon
  3188 | D:3      | Found Lyroo's Jewellery Emporium.
  3384 | D:4      | Found a blossoming altar of Fedhas.
  3405 | D:4      | Noticed an oklob plant
  3506 | D:4      | Reached skill level 1 in Ice Magic
  3536 | D:4      | Noticed Natasha
  3545 | D:4      | Killed Natasha
  3546 | D:4      | Reached XP level 6. HP: 30/49 MP: 4/9
  3639 | D:4      | Noticed Blork the orc
  3649 | D:4      | Killed Blork the orc
  3650 | D:4      | Reached skill level 1 in Summonings
  3734 | D:4      | Noticed Natasha
  3747 | D:4      | Killed Natasha
  4004 | D:4      | Noticed Edmund
  4021 | D:4      | Killed Edmund
  4022 | D:4      | Reached skill level 4 in Fighting
  4022 | D:4      | Reached skill level 7 in Maces & Flails
  4022 | D:4      | Reached skill level 2 in Ice Magic
  4210 | D:4      | Found a staircase to the Ecumenical Temple.
  4214 | D:4      | Noticed Natasha
  4218 | D:4      | Reached XP level 7. HP: 43/59 MP: 3/10
  4223 | D:4      | Killed Natasha
  4224 | D:4      | Reached skill level 3 in Ice Magic
  4551 | Temple   | Entered the Ecumenical Temple
  4555 | Temple   | Learned a level 2 spell: Blink
  4683 | Temple   | Fell from the grace of Elyvilon
  4683 | Temple   | Became a worshipper of Qazlal Stormbringer
  4887 | D:5      | Noticed Pikel
  5066 | D:5      | Killed Pikel
  5067 | D:5      | Reached skill level 8 in Maces & Flails
  5067 | D:5      | Reached skill level 5 in Ice Magic
  5067 | D:5      | Reached XP level 8. HP: 44/67 MP: 11/11
  5465 | D:5      | Reached skill level 5 in Fighting
  5657 | D:5      | Reached skill level 9 in Maces & Flails
  6251 | D:5      | Reached skill level 10 in Maces & Flails
  6324 | D:5      | HP: 6/62 [wight/+3 short sword of freezing (3)]
  6335 | D:5      | HP: 6/62 [wight/stone (3)]
  6530 | D:5      | Reached skill level 1 in Armour
  6533 | D:5      | Reached * piety under Qazlal
  6607 | D:6      | Reached skill level 2 in Armour
  6688 | D:6      | Reached skill level 6 in Fighting
  6777 | D:6      | Found a runed translucent door.
  6777 | D:6      | Noticed bakla's ghost (novice HuEE)
  6799 | D:6      | Reached skill level 2 in Translocations
  6848 | D:6      | Reached XP level 9. HP: 75/75 MP: 8/12
  6851 | D:6      | Learned a level 2 spell: Lesser Beckoning
  6990 | D:6      | Found a shadowy altar of Dithmenos.
  7397 | D:7      | Reached skill level 3 in Spellcasting
  7662 | D:7      | Reached skill level 11 in Maces & Flails
  7684 | D:7      | Noticed a gargoyle
  7858 | D:7      | HP: 5/75 [gargoyle/stone arrow (18)]
  7860 | D:7      | Demolished by a gargoyle

Vanquished Creatures
  Pikel (D:5)
  Edmund (D:4)
  2 water moccasins
  3 ice beasts
  A sky beast (D:6)
  A lemure (D:5)
  A kobold brigand (D:6)
  Blork the orc (D:4)
  A gnoll sergeant (D:7)
  3 scorpions
  3 wights
  An electric eel (D:7)
  3 bombardier beetles
  6 orc priests
  A jelly (D:4)
  A gnoll bouda (D:6)
  A hound (D:5)
  A sleepcap (D:6)
  Terence (D:2)
  2 orc wizards (D:7)
  Natasha (thrice) (D:4)
  Robin (D:2)
  7 adders
  13 gnolls
  4 ufetubi
  2 dart slugs (D:2)
  10 orcs
  8 ball pythons
  4 endoplasms
  2 giant cockroaches (D:1)
  14 goblins
  9 hobgoblins
  2 quokkas (D:1)
  5 bats
  3 frilled lizards
  6 kobolds
  6 rats
134 creatures vanquished.

Table legend: (Time is in decaauts)
 A = Elapsed time spent in this place.
 B = Non-inter-level travel time spent in this place.
 C = Inter-level travel time spent in this place.
 D = Time resting spent in this place.
 E = Time spent auto-exploring this place.
 F = Levels seen in this place.
 G = Mean time per level.
                   A        B        C        D        E       F      G
               +--------+--------+--------+--------+--------+-----+--------+
         Total |   7889 |   7522 |    367 |   2060 |   3818 |   8 |  986.1 |
       Dungeon |   7802 |   7486 |    316 |   2060 |   3818 |   7 | 1114.6 |
        Temple |     87 |     36 |     51 |      0 |      0 |   1 |   87.0 |
               +--------+--------+--------+--------+--------+-----+--------+

Top non-repeatable levels by time:
     D:4: 1886 daAuts
     D:5: 1652 daAuts
     D:2: 1358 daAuts
     D:6: 1112 daAuts
     D:1: 911 daAuts
     D:3: 593 daAuts
     D:7: 286 daAuts
  Temple: 87 daAuts

Table legend:
 A = Non-vault XP
 B = Vault XP
 C = Vault XP percentage of total XP
 D = Non-vault monster count
 E = Vault monster count
 F = Vault count percentage of total count
                 A         B        C        D         E       F
            +---------+---------+-------+---------+---------+-------
      Total |    2461 |    1315 |  34.8 |     114 |      19 |  14.3
            +---------+---------+-------+---------+---------+-------
        D:1 |      60 |       6 |   9.1 |      23 |       2 |   8.0
        D:2 |     146 |      77 |  34.5 |      23 |      10 |  30.3
        D:3 |      17 |       0 |   0.0 |       6 |       0 |   0.0
        D:4 |     149 |     341 |  69.6 |      12 |       4 |  25.0
        D:5 |     801 |     642 |  44.5 |      23 |       1 |   4.2
        D:6 |     780 |     101 |  11.5 |      15 |       1 |   6.2
        D:7 |     508 |     148 |  22.6 |      12 |       1 |   7.7
            +---------+---------+-------+---------+---------+-------
